 Dungeon Crawl Stone Soup version 0.30-a0-862-g1aabd4f9c5 (webtiles) character file.

Game seed: 4663470709247970903

2 Maxmaps the Ducker (level 1, -5/23 HPs)
             Began as a Gnoll Monk on Mar 10, 2023.
             Slain by a gnoll
             ... wielding a +0 flail
              (6 damage)
             ... on level 2 of the Dungeon.
             The game lasted 00:00:45 (174 turns).

Maxmaps the Ducker (Gnoll Monk)                      Turns: 174, Time: 00:00:46

Health: -5/23      AC: 10    Str: 10    XL:     1   Next: 40%
Magic:  1/1        EV:  2    Int:  9    God:
Gold:   0          SH:  0    Dex: 14    Spells: 0/0 levels left

rFire   . . .      SeeInvis .    a - +0 falchion
rCold   . . .      Faith    .    (no shield)
rNeg    . . .      Spirit   .    g - +0 plate armour {Will+}
rPois   .          Reflect  .    (no helmet)
rElec   .          Rampage  .    (no cloak)
rCorr   .                        (no gloves)
Will    +....                    (no boots) Stlth
                                 (no amulet)
HPRegen 0.23/turn                (no ring)
MPRegen 0.07/turn                (no ring)

@: no status effects
A: fangs 1, strong nose, distributed training
a: no special abilities


You were on level 2 of the Dungeon.
You visited 1 branch of the dungeon, and saw 2 of its levels.

Inventory:

Hand Weapons
 a - a +0 falchion (weapon)
Armour
 b - a +0 robe
 g - a +0 plate armour of willpower (worn)
Scrolls
 d - a scroll of fear {unknown}
 e - a scroll of identify {unknown}
Potions
 c - a potion of ambrosia
 f - a potion of haste {unknown}


   Skills:
 + Level 6.4 Fighting
 + Level 0.0 Short Blades
 + Level 6.4 Long Blades
 + Level 0.0 Axes
 + Level 0.0 Maces & Flails
 + Level 0.0 Polearms
 + Level 0.0 Staves
 + Level 0.0 Ranged Weapons
 + Level 0.0 Throwing
 + Level 0.0 Armour
 + Level 6.4 Dodging
 + Level 4.0 Stealth
 + Level 0.0 Shields
 + Level 0.0 Unarmed Combat
 + Level 0.0 Spellcasting
 + Level 0.0 Conjurations
 + Level 0.0 Hexes
 + Level 0.0 Summonings
 + Level 0.0 Necromancy
 + Level 0.0 Translocations
 + Level 0.0 Transmutations
 + Level 0.0 Fire Magic
 + Level 0.0 Ice Magic
 + Level 0.0 Air Magic
 + Level 0.0 Earth Magic
 + Level 0.0 Poison Magic
 + Level 0.1 Invocations
 + Level 0.0 Evocations


You couldn't memorise any spells.
You didn't know any spells.
Your spell library was empty.

Dungeon Overview and Level Annotations

Branches:
Dungeon (1/15)

Altars:


Innate Abilities, Weirdness & Mutations

You have very sharp teeth.
Your uncanny sense of smell can sniff out nearby items.
Your experience applies equally to all skills.


Message History

The ball python bites you but does no damage.
The ball python grabs you. The ball python constricts you.
You hit the ball python but do no damage.
The ball python bites you but does no damage.
The ball python constricts you.
You slash the ball python!
You kill the ball python!
A gnoll comes into view. It is wielding a +0 flail.
The gnoll hits you from afar with a +1 halberd of protection.
A gnoll comes into view. It is wielding a +0 whip.
A gnoll comes into view. It is wielding a +0 spear.
The gnoll hits you with a +1 halberd of protection.
The gnoll shouts!
You hit the gnoll but do no damage.
The gnoll hits you with a +1 halberd of protection!
You are too injured to fight recklessly!
You are too injured to fight recklessly!
You are too injured to fight recklessly!
You are too injured to fight recklessly!
You are too injured to fight recklessly!
You are too injured to fight recklessly!
You are too injured to fight recklessly!
You are too injured to fight recklessly!
You are too injured to fight recklessly!
You are too injured to fight recklessly!
You are too injured to fight recklessly!
You are too injured to fight recklessly!
You are too injured to fight recklessly!
You are too injured to fight recklessly!
You are too injured to fight recklessly!
You are too injured to fight recklessly!
Unknown command.
The gnoll hits you from afar with a +1 halberd of protection.
* * * LOW HITPOINT WARNING * * *
You see here a +0 club.
There is an open door here.
The gnoll attacks as you move away! The gnoll hits you with a +0 flail!
* * * LOW HITPOINT WARNING * * *
The gnoll attacks as you move away! The gnoll hits you with a +0 flail.
You die...

###########
#.........###
#............ #.....#
#............ #.....#
#............ #.....#
#....@....... #.....#
#....g....... #.....#
#.........#+# #....g#
#.........#
#.....#####g#'#####.
#....g#.g.g.........#
#.....#g###.#.#######
#...gg#.# #.#.#
#.....#.###.#.#


You could see 3 gnolls.

Vanquished Creatures
  2 ball pythons
  A frilled lizard (D:1)
3 creatures vanquished.

Notes
Turn   | Place    | Note
-------+----------+-------------------------------------------
     0 | D:1      | Maxmaps the Gnoll Monk began the quest for the Orb.
     0 | D:1      | Reached XP level 1. HP: 23/23 MP: 1/1
   114 | D:1      | You fall into a shaft and drop 1 floor!
   173 | D:2      | HP: 1/23 [gnoll/+0 flail (7)]
   174 | D:2      | Slain by a gnoll

Illustrated notes

Levels and vault maps discovered:
D:1:      evilmike_arrival_crescent, layout_rooms,
          dreamdust_ecumenical_altar_sealed_demon
D:2:      wad_pebble_path, layout_basic, minmay_fractal_squares_5

Action                     || total
---------------------------++-------
  Melee: Falchion          ||     6
   Stab: Sleeping          ||     2
 Armour: Plate armour      ||     2
  Dodge: Dodged            ||     1

Table legend: (Time is in decaauts)
 A = Elapsed time spent in this place.
 B = Non-inter-level travel time spent in this place.
 C = Inter-level travel time spent in this place.
 D = Time resting spent in this place.
 E = Time spent auto-exploring this place.
 F = Levels seen in this place.
 G = Mean time per level.
                   A        B        C        D        E       F      G
               +--------+--------+--------+--------+--------+-----+--------+
         Total |    173 |    173 |      0 |      0 |    108 |   2 |   86.5 |
       Dungeon |    173 |    173 |      0 |      0 |    108 |   2 |   86.5 |
               +--------+--------+--------+--------+--------+-----+--------+

Top non-repeatable levels by time:
     D:1: 114 daAuts
     D:2: 59 daAuts
